 Dungeon Crawl Stone Soup version 0.30.0-21-gd299b56b3f (webtiles) character file.

Game seed: 4834321169035665890

163 qw the Chopper (level 5, -2/32 HPs)
             Began as a Gargoyle Fighter on June 2, 2023.
             Slain by an ogre
             ... wielding a +0 giant club
              (22 damage)
             ... on level 4 of the Dungeon.
             The game lasted 00:01:31 (2843 turns).

qw the Chopper (Gargoyle Fighter)                   Turns: 2843, Time: 00:01:31

Health: -2/32      AC: 19    Str: 22    XL:     5   Next: 44%
Magic:  0/5        EV:  6    Int:  8    God:
Gold:   249        SH:  4    Dex:  9    Spells: 4/4 levels left

rFire   . . .        Y - +0 war axe
rCold   . . .        c - +0 buckler
rNeg    + . .        h - +0 plate armour
rPois   inf          (no helmet)
rElec   +            l - +0 cloak
rCorr   .            i - +0 pair of gloves
SInv    .            p - +1 pair of boots
Will    .....        g - amulet of guardian spirit Stlth
                     (no ring)
HPRegen 0.25/turn    (no ring)
MPRegen 0.09/turn

%: guardian spirit
@: no status effects
A: sickness immunity, AC +4, negative energy resistance 1, electricity
resistance, torment resistance 1, petrification resistance
a: no special abilities


You were on level 4 of the Dungeon.
You visited 1 branch of the dungeon, and saw 4 of its levels.
You also visited: Sewer.

You collected 249 gold pieces.


Innate Abilities, Weirdness & Mutations

You are immune to sickness and miasma.
Your stone body is resilient. (AC +4)
You are immune to poison.
You resist negative energy. (rN+)
You are resistant to electric shocks. (rElec)
You are resistant to unholy torment.
You are immune to petrification.


   Skills:
 + Level 3.3 Fighting
 - Level 5.0 Axes
 - Level 3.2 Armour
 - Level 3.2 Shields


You had 4 spell levels left.
You didn't know any spells.
Your spell library was empty.

Inventory:

Hand Weapons
 q - a +0 flail
 Y - a +0 war axe (weapon)
Armour
 c - a +0 buckler (worn)
 h - a +0 plate armour (worn)
 i - a +0 pair of gloves (worn)
 l - a +0 cloak (worn)
 p - a +1 pair of boots (worn)
Jewellery
 g - an amulet of guardian spirit (around neck)
Scrolls
 a - a scroll of teleportation
 m - a scroll of identify
Potions
 b - a potion of degeneration {unknown}
 d - a potion of might
 e - a potion of heal wounds
 f - 2 potions of cancellation
 j - a potion of attraction
 k - a potion of curing {unknown}
 n - a potion of berserk rage {unknown}
 o - a potion of resistance {unknown}

Dungeon Overview and Level Annotations

Branches:
Dungeon (4/15)              Sewer (visited)
 Temple: D:4-7

Altars:
Dithmenos
Fedhas


Message History

The adder completely misses you.
You slash the adder!
The adder is severely wounded.
The adder closely misses you. The adder barely misses you.
You hit the adder but do no damage.
The adder is severely wounded.
The adder bites you. The adder barely misses you.
You slash the adder!
You kill the adder!
Your Axes skill increases to level 5!
There is an open door here.
You see here an adder corpse.
Found a stone staircase leading up.
Enter note:
Enter note:
Enter note:
Enter note: You open the door.
A ball python comes into view.
The ball python hisses angrily.
An ogre comes into view. It is wielding a +0 giant club.
There is an open door here.
Enter note:
Enter note:
Enter note:
Enter note:
Enter note:
Enter note:
2836 ||| Stepping ~*~*~tactically~*~*~ (stealth).
The ogre shouts!
There is an open door here.
You hit the ball python.
You kill the ball python!
You completely miss the ogre. The ogre hits you with a +0 giant club!
You hit the ogre.
The ogre is lightly wounded.
The ogre hits you with a +0 giant club!!
Ouch! That really hurt!
You die...

###.....#..###
#.....%....#......
#.....#....#...... .
#.....#....#......
.####+#.....#...##......
..........###...#.......
..........#.<...#....|..
..........#.....#.......
..........+.....@.......
..........#.....#O......
..........#.....#.......
..........#.....#.......
..........####+##.......
#............. .......
#............. .......
#............. .......
#.............


You could see an ogre.

Vanquished Creatures
  An iguana (D:4)
  A hell rat (Sewer)
  A river rat (Sewer)
  2 adders
  An ufetubus (D:4)
  A worm (D:3)
  2 dart slugs (D:2)
  5 orcs
  10 endoplasms
  4 giant cockroaches
  7 goblins
  5 hobgoblins
  2 jackals (D:4)
  2 quokkas
  7 ball pythons
  5 bats
  A frilled lizard (D:3)
  3 kobolds
  8 rats
68 creatures vanquished.

Notes
Turn   | Place    | Note
-------+----------+-------------------------------------------
     0 | D:1      | qw the Gargoyle Fighter began the quest for the Orb.
     0 | D:1      | Reached XP level 1. HP: 14/14 MP: 1/1
     0 | D:1      | 0 ||| qw: Version: 0.2-a-102-gdf20003
     0 | D:1      | 0 ||| qw: Game counter: 799
     0 | D:1      | 0 ||| qw: Always use a shield: true
     0 | D:1      | 0 ||| qw: God list: Okawaru
     0 | D:1      | 0 ||| qw: Allow faded altars: false
     0 | D:1      | 0 ||| qw: Do Orc after D:15 true
     0 | D:1      | 0 ||| qw: Do second Lair branch before Depths: true
     0 | D:1      | 0 ||| qw: Lair rune preference: random
     0 | D:1      | 0 ||| qw: Plans: Normal, Zot:1-4, Slime:5, God:TSO, Crypt,
                  | Tomb, Pan, Hells, Abyss, Win
     0 | D:1      | 0 ||| PLANNING D:1-11
    58 | D:1      | Reached skill level 2 in Axes
   240 | D:1      | Reached XP level 2. HP: 19/19 MP: 2/2
   495 | D:1      | Reached skill level 3 in Axes
   506 | D:1      | 506 ||| DROPPING +0 club.
   611 | D:1      | 611 ||| UPGRADING to +0 pair of gloves.
   616 | D:1      | 616 ||| READING scroll labelled NIBRUJ RYUMOUV.
   617 | D:1      | 617 ||| READING scroll labelled CIAZEPR OCRACH.
   618 | D:1      | 618 ||| READING scroll labelled HISYDW UMIUPEN.
   688 | D:2      | Reached XP level 3. HP: 23/23 MP: 3/3
   819 | D:2      | 819 ||| Stepping ~*~*~tactically~*~*~ (stealth).
   820 | D:2      | 820 ||| Stepping ~*~*~tactically~*~*~ (stealth).
   823 | D:2      | 823 ||| Stepping ~*~*~tactically~*~*~ (stealth).
   827 | D:2      | 827 ||| Stepping ~*~*~tactically~*~*~ (hiding).
   946 | D:2      | 946 ||| Stepping ~*~*~tactically~*~*~ (hiding).
   992 | D:2      | 992 ||| Stepping ~*~*~tactically~*~*~ (stealth).
   993 | D:2      | 993 ||| Stepping ~*~*~tactically~*~*~ (stealth).
  1166 | D:2      | Found a blossoming altar of Fedhas.
  1258 | D:2      | 1258 ||| Stepping ~*~*~tactically~*~*~ (hiding).
  1260 | D:2      | 1260 ||| Stepping ~*~*~tactically~*~*~ (hiding).
  1482 | D:2      | 1482 ||| UPGRADING to +0 cloak.
  1487 | D:2      | 1487 ||| UPGRADING to +1 pair of boots.
  1492 | D:2      | 1492 ||| UPGRADING to amulet of guardian spirit.
  1497 | D:2      | 1497 ||| READING 3 scrolls labelled JIJAKU ETEP.
  1498 | D:2      | 1498 ||| DRINKING 2 red potions.
  1501 | D:2      | 1501 ||| READING 2 scrolls of identify.
  1501 | D:2      | 1501 ||| IDENTIFYING blue potion
  1502 | D:2      | 1502 ||| DROPPING potion of magic.
  1503 | D:2      | 1503 ||| DROPPING potion of ambrosia.
  1526 | D:3      | 1526 ||| PLANNING SEWER
  1672 | D:3      | Found a glowing drain.
  1673 | D:3      | 1673 ||| UPGRADING to +0 plate armour.
  1683 | D:3      | 1683 ||| DROPPING +0 scale mail.
  1684 | D:3      | 1684 ||| READING scroll labelled WIYCERHEY COOZ.
  1785 | D:3      | 1785 ||| READING 3 scrolls of identify.
  1785 | D:3      | 1785 ||| IDENTIFYING dark potion
  1786 | D:3      | 1786 ||| READING 2 scrolls of identify.
  1786 | D:3      | 1786 ||| IDENTIFYING fizzy golden potion
  1787 | D:3      | 1787 ||| DROPPING potion of brilliance.
  1800 | D:3      | 1800 ||| Stepping ~*~*~tactically~*~*~ (water).
  1882 | Sewer    | Entered a sewer
  1918 | Sewer    | Reached XP level 4. HP: 9/28 MP: 1/4
  2024 | Sewer    | 2024 ||| Stepping ~*~*~tactically~*~*~ (water).
  2030 | Sewer    | Reached skill level 4 in Axes
  2097 | Sewer    | 2097 ||| READING scroll labelled WUN BIAMNOE.
  2098 | Sewer    | 2098 ||| READING scroll labelled FIGASIMYSM.
  2099 | Sewer    | 2099 ||| DRINKING 2 coppery potions.
  2110 | D:3      | 2110 ||| PLANNING D:1-11
  2404 | D:3      | 2404 ||| DROPPING +0 whip.
  2468 | D:3      | Found a shadowy altar of Dithmenos.
  2555 | D:3      | 2555 ||| READING 2 scrolls labelled EFFUSCHUFEL.
  2559 | D:3      | 2559 ||| READING scroll labelled ASITHA NALAMM.
  2560 | D:3      | 2560 ||| READING scroll labelled TYSOTYZOTT.
  2561 | D:3      | 2561 ||| READING 2 scrolls of identify.
  2561 | D:3      | 2561 ||| IDENTIFYING cyan potion
  2632 | D:4      | Reached XP level 5. HP: 16/32 MP: 1/5
  2658 | D:4      | 2658 ||| FLEEEEING.
  2659 | D:4      | 2659 ||| FLEEEEING.
  2666 | D:4      | 2666 ||| STAIRDANCE
  2702 | D:4      | 2702 ||| Stepping ~*~*~tactically~*~*~ (stealth).
  2822 | D:4      | Reached skill level 5 in Axes
  2835 | D:4      | Noticed an ogre
  2836 | D:4      | 2836 ||| Stepping ~*~*~tactically~*~*~ (stealth).
  2843 | D:4      | Slain by an ogre

Levels and vault maps discovered:
D:1:      arrival_zaba_pyramid, layout_basic
D:2:      layout_basic, basic_altar
D:3:      layout_basic, mainiacjoe_overflow_alcove_4,
          cheibrodos_sewer_entry_bend
D:4:      layout_gridville

Skill      XL: |  1  2  3  4  5 |
---------------+----------------+-----
Axes           | 2 3 4 5 |  5.0
Fighting       | |  3.3
Armour         | |  3.2
Shields        | |  3.2

Action                     |  1- 3 |  4- 6 || total
---------------------------+-------+-------++-------
  Melee: War axe           |   150 |    59 ||   209
    Use: Scroll            |     8 |     6 ||    14
         Potion            |     1 |     1 ||     2
 Armour: Scale mail        |    47 |       ||    47
         Plate armour      |    17 |    55 ||    72
  Dodge: Dodged            |    61 |    23 ||    84
  Block: Buckler           |    25 |    14 ||    39

Table legend:
 A = Non-vault XP
 B = Vault XP
 C = Vault XP percentage of total XP
 D = Non-vault monster count
 E = Vault monster count
 F = Vault count percentage of total count
                 A         B        C        D         E       F
            +---------+---------+-------+---------+---------+-------
      Total |     181 |      53 |  22.6 |      63 |       5 |   7.4
            +---------+---------+-------+---------+---------+-------
        D:1 |      32 |       0 |   0.0 |      19 |       0 |   0.0
        D:2 |      38 |       0 |   0.0 |      20 |       0 |   0.0
        D:3 |      28 |       5 |  15.2 |      10 |       1 |   9.1
        D:4 |      83 |       0 |   0.0 |      14 |       0 |   0.0
      Sewer |       0 |      48 | 100.0 |       0 |       4 | 100.0
            +---------+---------+-------+---------+---------+-------
